[Event "*** Titled Tuesday Blitz"]
[Site "Chess.com"]
[Date "2020.12.29"]
[Round "5"]
[White "The_Machine04"]
[Black "Kazmin_Dmitrij"]
[Result "1-0"]
[WhiteElo "2422"]
[BlackElo "2252"]
[TimeControl "180+1"]
[EndTime "10:55:24 PST"]
[Termination "The_Machine04 won on time"]

1. d4 f5 2. Bg5 g6 3. h4 Bg7 4. Nc3 h6 5. Bf4 e6 6. e4 Nf6 7. exf5 exf5 8. Bc4 d5 9. Qe2+ Kf7 10. Nf3 Re8 11.
Ne5+ Kg8 12. Bd3 Nc6 13. Qe3 Ng4 14. Qf3 Nxd4 15. Qxd5+ Qxd5 16. Nxd5 Nxe5 17. O-O-O Nxd3+ 18. Rxd3 Ne2+ 19. Kb1 Nxf4 20. Nxf4 Kh7 21. Rhd1 Be5 22. Nd5 Be6 23. f4 Bxd5 24. Rxd5 Bd6 25. c4 b6 26. b4 a5 27. c5 bxc5 28. bxc5 Rab8+ 29. Kc2 Bxf4 30. Rd7+ Kg8 31. Kc3 Be5+ 32. Kc4 Rb4+ 33. Kd5 Bf6 34. Kc6 Be5 35. Kd5 Bg3 36. Kc6 Rxh4 37. Rd8 Re4 38. R8d7 R4e6+ 39. Kb7 c6 40. Ka6 Rb8 41. Ra7 Re4 42. Rdd7 Be5 43. Re7 f4 44.
Re6 1-0

[Event "*** Titled Tuesday Blitz"]
[Site "Chess.com"]
[Date "2020.12.29"]
[Round "5"]
[White "MumLookatMeNow"]
[Black "Keures"]
[Result "1-0"]
[WhiteElo "2520"]
[BlackElo "2334"]
[TimeControl "180+1"]
[EndTime "10:55:25 PST"]
[Termination "MumLookatMeNow won by resignation"]

1. e4 e6 2. d4 d5 3. Nc3 Nf6 4. e5 Ne4 5. Nxe4 dxe4 6. Bc4 a6 7. a4 c5 8. d5 Qb6 9. c3 exd5 10. Qxd5 Be6 11. Qxe4 Bxc4 12. Qxc4 Qg6 13. g3 Qc6 14. f3 Nd7 15. Qe2 O-O-O 16. Nh3 Nxe5 17. O-O Re8 18.
Bf4 Bd6 19. Ng5 f6 20. Ne4 Nxf3+ 21. Qxf3 Bxf4 22. Qg4+ Qe6 23. Qxe6+ Rxe6 24. Rxf4 b6 25. Rd1 Kc7 26. Nf2 Re2 27. b4 Rhe8 28. bxc5 bxc5 29.
Rd5 Kc6 30. Rff5 R8e5 31. Rdxe5 fxe5 32. Nd3 Kd6 33. Rf7 Re3 34. Nf2 Rxc3 35. Ne4+ Ke6 36. Nxc3 Kxf7 37. Kf2 Ke6 38. Ke3 Kf5 39. Ne4 c4 40. Nd6+ Kg4 41. Nxc4 Kh3 42. Nxe5 Kxh2 43. Kf2 g5 44. Kf3 h5 45. Nf7 h4 46. gxh4 gxh4 47. Ng5 h3 48. a5 Kg1 49. Nxh3+ Kf1 50. Ke3 Ke1 51. Kd3 Kd1 52. Kc4 Kc2 53. Kc5 Kb3 54.
Kb6 Ka4 55. Kxa6 1-0

[Event "*** Titled Tuesday Blitz"]
[Site "Chess.com"]
[Date "2020.12.29"]
[Round "5"]
[White "Nils_03"]
[Black "Everyfishknows"]
[Result "1/2-1/2"]
[WhiteElo "2248"]
[BlackElo "2400"]
[TimeControl "180+1"]
[EndTime "10:55:25 PST"]
[Termination "Game drawn by stalemate"]

1. c4 Nf6 2. Nc3 e6 3. d4 Bb4 4. e3 O-O 5. Ne2 Re8 6. a3 Bf8 7. Ng3 d5 8. cxd5 exd5 9. Bd3 c6 10. O-O Bd6 11. b4 Nbd7 12. Bb2 Nf8 13. Rc1 Ng6 14. b5 c5 15. dxc5 Bxc5 16. Bxg6 hxg6 17. Nxd5 Nxd5 18.
Rxc5 Be6 19. Qd4 f6 20. Rd1 Nb6 21. h3 Qxd4 22. Bxd4 Rac8 23. Rdc1 Rxc5 24. Rxc5 Rc8 25. Rxc8+ Nxc8 26. Ne4 Bc4 27. a4 Kf7 28. f3 Bb3 29.
Nc5 Bc2 30. a5 b6 31. axb6 axb6 32. Ne4 Bxe4 33. fxe4 Nd6 34. Bxb6 Nxb5 35. Kf2 Ke6 36. Kf3 Nd6 37. Bc5 Nf7 38. Bf8 Ne5+ 39. Ke2 Kf7 40. Bd6 Nd7 41. Kd3 Ke6 42. Bc7 Nc5+ 43. Kd4 Nd7 44. Kc4 g5 45. g4 Ne5+ 46. Kc3 Nf3 47.
Bg3 Ng1 48. h4 Ne2+ 49. Kd3 Nxg3 50. hxg5 fxg5 51. Kd2 Ke5 52. Ke1 Kxe4 53. Kf2 Nf5 54. gxf5 Kxf5 55. Kg3 g4 56. e4+ Kg5 57. e5 Kf5 58. e6 Kxe6 59. Kxg4 Kf6 60. Kf4 Kg6 61. Kg4 Kh6 62. Kh4 Kg6 63. Kg4 Kf6 64. Kf4 g5+ 65. Kg4 Kg6 66. Kg3 Kf5 67. Kf3 g4+ 68. Kg3 Kg5 69.
Kg2 Kf4 70. Kf2 g3+ 71. Kg2 Kg4 72. Kg1 Kf3 73. Kf1 g2+ 74. Kg1 Kg3 1/2-1/2

[Event "*** Titled Tuesday Blitz"]
[Site "Chess.com"]
[Date "2020.12.29"]
[Round "5"]
[White "MoreChessJulia"]
[Black "Kaslask"]
[Result "1-0"]
[WhiteElo "2097"]
[BlackElo "2262"]
[TimeControl "180+1"]
[EndTime "10:55:26 PST"]
[Termination "MoreChessJulia won on time"]

1. d4 Nf6 2. c4 g6 3. f3 Bg7 4. e4 d6 5. Nc3 O-O 6. Bg5 h6 7. Be3 c5 8. d5 e6 9. Qd2 h5 10. Bh6 exd5 11. cxd5 Re8 12. Bxg7 Kxg7 13. h3 Nbd7 14. g4 a6 15. Bd3 Ne5 16. Kf2 c4 17.
Bc2 hxg4 18. hxg4 Rh8 19. Nge2 Bxg4 20. fxg4 Nfxg4+ 21. Kg3 Qe7 22. Nd4 b5 23. a3 Rae8 24. Nf3 Nxf3 25. Kxf3 Ne5+ 26. Kg2 Qd7 27. Qf4 a5 28.
Raf1 Qe7 29. Nxb5 g5 30. Qg3 g4 31. Nd4 Qg5 32. Nf5+ Kg6 33. Nxd6 Nf3 34. e5+ Kg7 35.
Nf5+ Kg8 36. Rxh8+ Kxh8 37. Rh1+ Kg8 38. Nh6+ Kf8 39. Nxg4 Nxe5 40. Rh8+ Kg7 41. Rxe8 Nxg4 42. Re2 f5 43. Qc7+ Kh6 44. Re6+ Nf6+ 45. Qg3 Qd2+ 46. Kh3 1-0

[Event "*** Titled Tuesday Blitz"]
[Site "Chess.com"]
[Date "2020.12.29"]
[Round "5"]
[White "BAS8892"]
[Black "dropstoneDP"]
[Result "0-1"]
[WhiteElo "2635"]
[BlackElo "2945"]
[TimeControl "180+1"]
[EndTime "10:55:27 PST"]
[Termination "dropstoneDP won on time"]

1. d4 f5 2. Bf4 Nf6 3. Nf3 d6 4. e3 h6 5. c3 g5 6. Bg3 Bg7 7. Bc4 e6 8. Nbd2 Qe7 9. Qb3 Nc6 10. O-O-O O-O 11. Qc2 Bd7 12. h4 g4 13. Ne1 Nh5 14. Nf1 b5 15. Bb3 a5 16. a3 b4 17. d5 a4 18. Bc4 Na5 19. cxb4 Nxc4 20. Qxc4 exd5 21. Qxd5+ Be6 22. Qd2 Bb3 23. Nc2 Qf6 24.
Nd4 Bxd1 25. Kxd1 c5 26. Nc6 f4 27. Bxf4 Nxf4 28. exf4 Qxf4 29. Ne7+ Kh7 30. Qd3+ Rf5 31. Qxf5+ Qxf5 32. Nxf5 Bxb2 33. bxc5 Bxa3 34. cxd6 Bb2 35. Kc2 a3 36. Nd2 Be5 37. d7 a2 38. Nb3 Rd8 39.
Nc5 a1=Q 40. Rxa1 Bxa1 41. Ne7 Bf6 42. Nc6 Ra8 43. g3 Kg7 44. d8=Q Bxd8 45. Nxd8 Kg6 0-1

[Event "*** Titled Tuesday Blitz"]
[Site "Chess.com"]
[Date "2020.12.29"]
[Round "5"]
[White "MacDaddyMac"]
[Black "GoltsevDmitry2000"]
[Result "0-1"]
[WhiteElo "2486"]
[BlackElo "2702"]
[TimeControl "180+1"]
[EndTime "10:55:27 PST"]
[Termination "GoltsevDmitry2000 won by resignation"]

1. e4 c5 2. Nc3 e6 3. f4 Nc6 4. Nf3 g6 5. Bb5 Bg7 6. Bxc6 bxc6 7. e5 Ne7 8. Ne4 O-O 9. Nxc5 Nd5 10. d4 f6 11. O-O fxe5 12. fxe5 Rb8 13. c4 Nb6 14. b3 d6 15. exd6 Qxd6 16. Ne4 Qd7 17. Bb2 Nxc4 18. Bc1 Nd6 19. Nc5 Qd8 20. Re1 Nf5 21.
Bb2 Qd5 22. Rc1 Rd8 23. Rc4 h5 24. Qe2 Re8 25. Qe4 a5 26. Qxd5 cxd5 27. Ra4 Rb5 28. Re2 Re7 29. Nd3 Rc7 30. Nde5 Ne7 31. Ba3 Kh7 32.
Kf2 Bh6 33. Bd6 Ra7 34. Bc5 Rab7 35. Nf7 Nf5 36. Nxh6 Kxh6 37. Ne5 g5 38. Bd6 Nxd6 39. Nf3 Ne4+ 40. Ke3 Rf7 41. Rc2 Ba6 42. Ra3 Rbb7 43. Ne5 Rfc7 44. Rxa5 Rxc2 45. Rxa6 Rbc7 46. Rxe6+ Kh7 47.
g3 R7c3+ 48. Nd3 Rd2 49. Rxe4 Rdxd3+ 0-1

[Event "*** Titled Tuesday Blitz"]
[Site "Chess.com"]
[Date "2020.12.29"]
[Round "5"]
[White "Korchmar_Vasiliy"]
[Black "Harsha_Bharathakoti"]
[Result "0-1"]
[WhiteElo "2567"]
[BlackElo "2823"]
[TimeControl "180+1"]
[EndTime "10:55:29 PST"]
[Termination "Harsha_Bharathakoti won on time"]

1. e4 c5 2. Nf3 Nc6 3. d4 cxd4 4. Nxd4 Nf6 5. Nc3 d6 6. Bg5 e6 7. Qd3 Bd7 8. O-O-O a6 9. Kb1 Rc8 10. f4 Be7 11. g4 Qa5 12. Nb3 Qc7 13. Bxf6 Bxf6 14. g5 Be7 15. h4 b5 16. h5 b4 17.
Ne2 a5 18. Bh3 a4 19. Nbd4 Nxd4 20. Nxd4 Qc4 21. Qxc4 Rxc4 22. g6 Bf6 23. gxf7+ Ke7 24. Nf3 Rxe4 25. Rhe1 Rxe1 26. Rxe1 Kxf7 27. Ng5+ Bxg5 28.
fxg5 d5 29. Rf1+ Ke7 30. Rf4 e5 31. Rh4 Bxh3 32. Rxh3 Rf8 33. c3 Rf1+ 34. Kc2 Rf2+ 35. Kc1 bxc3 36. Rxc3 Kd6 37. Ra3 e4 38. Rxa4 e3 39.
Kd1 Ke5 40. Ra7 d4 41. Rxg7 d3 42. Re7+ Kf4 43. Rf7+ Kg3 44. g6 hxg6 45. hxg6 Rxb2 46. Kc1 Rc2+ 47. Kb1 e2 48. Re7 Rc7 49. g7 Rc8 0-1

[Event "*** Titled Tuesday Blitz"]
[Site "Chess.com"]
[Date "2020.12.29"]
[Round "5"]
[White "kleopl"]
[Black "Blitzking642"]
[Result "1-0"]
[WhiteElo "2458"]
[BlackElo "2294"]
[TimeControl "180+1"]
[EndTime "10:55:30 PST"]
[Termination "kleopl won by resignation"]

1. c4 c5 2. Nf3 Nc6 3. Nc3 g6 4. e3 Nf6 5. d4 cxd4 6. exd4 d5 7.
Bg5 Ne4 8. cxd5 Nxc3 9. bxc3 Qxd5 10. Qb3 Qe4+ 11. Be3 Bg7 12. Qxf7+ Kxf7 13. Ng5+ Ke8 14.
Nxe4 Bf5 15. Ng3 Be6 16. Be2 Rc8 17. O-O Na5 18. Rfc1 Bd5 19. Nf1 e5 20. Nd2 exd4 21.
cxd4 Kf7 22. Bf3 Ke6 23. Bxd5+ Kxd5 24. Nf3 Nc4 25. Rab1 Nxe3 26. fxe3 Rxc1+ 27. Rxc1 Bh6 28. Kf2 Re8 29. Rc3 b5 30. Ne5 Ke4 31. Ke2 b4 32. Rd3 Rc8 33. Ng4 Bg7 34. Nf2+ Kd5 35. e4+ Kc4 36.
d5 a5 37. Rd1 Kb5 38. Kd3 Rc3+ 39. Ke2 Rc8 40. Ng4 a4 41. e5 Bxe5 42. Nxe5 Re8 43. d6 Rxe5+ 44. Kf3 Re8 45. d7 Rd8 46. Ke4 b3 47. axb3 axb3 48. Ke5 b2 49. Ke6 Kc4 50.
Ke7 Rb8 51. d8=Q Rxd8 52. Kxd8 Kc3 53. Ke7 Kc2 54. Rf1 b1=Q 55. Rxb1 Kxb1 56. Kf6 Kc2 57. Kg7 Kd3 58. Kxh7 g5 59. Kg6 Ke4 60. Kxg5 1-0

[Event "*** Titled Tuesday Blitz"]
[Site "Chess.com"]
[Date "2020.12.29"]
[Round "5"]
[White "Mikhail_Golubev"]
[Black "Sjakkerntobi"]
[Result "1-0"]
[WhiteElo "2503"]
[BlackElo "2323"]
[TimeControl "180+1"]
[EndTime "10:55:32 PST"]
[Termination "Mikhail_Golubev won by resignation"]

1. e4 e6 2. d4 d5 3. Nc3 Bb4 4. e5 Ne7 5. a3 Bxc3+ 6. bxc3 c5 7. a4 Qc7 8. Nf3 b6 9. Bb5+ Nd7 10.
O-O h6 11. a5 Bb7 12. axb6 axb6 13. Rxa8+ Bxa8 14. c4 O-O 15. cxd5 Nxd5 16. Bd3 c4 17. Be2 b5 18. Nd2 Nc3 19. Qe1 Nxe2+ 20. Qxe2 Nb6 21. Qg4 Nd5 22. Ne4 Kh8 23. Qh4 Qe7 24. Bg5 f6 25. exf6 Nxf6 26. Nxf6 gxf6 27. Qxh6+ Kg8 28. Be3 Rf7 29. Ra1 Bd5 30. f3 Rg7 31. Kf2 Qc7 32. Qf4 e5 33. Qxf6 Rf7 34. Qxe5 Qb7 35. Bf4 Bc6 36.
h4 Bd5 37. h5 Qd7 38. Qg5+ Rg7 39. Qf6 Rf7 40. Qe5 Re7 41. Qb8+ Kf7 42. Qd6 Qxd6 43. Bxd6 Rd7 44. Be5 b4 45. Rb1 b3 46. cxb3 cxb3 47.
g4 Rb7 48. g5 b2 49. g6+ Kg8 50. h6 Kf8 51. h7 1-0

[Event "*** Titled Tuesday Blitz"]
[Site "Chess.com"]
[Date "2020.12.29"]
[Round "5"]
[White "paulrusan"]
[Black "PowerThinking2650"]
[Result "0-1"]
[WhiteElo "2235"]
[BlackElo "2427"]
[TimeControl "180+1"]
[EndTime "10:55:32 PST"]
[Termination "PowerThinking2650 won by checkmate"]

1. e4 e5 2. Nf3 Nc6 3. Bc4 Nf6 4.
d3 h6 5. O-O d6 6. h3 Na5 7.
Bb3 Nxb3 8. axb3 g6 9. c4 c5 10. Nc3 Bg7 11. Bd2 O-O 12. Nd5 Nxd5 13. cxd5 a5 14.
b4 b6 15. bxa5 bxa5 16. b3 f5 17. Bc3 Bd7 18. Nd2 f4 19. f3 g5 20. Nc4 Bb5 21. Bxa5 Qf6 22. Qe2 h5 23. Bc7 Bxc4 24. bxc4 Qe7 25.
Ba5 Rfb8 26. Ra3 Ra6 27. Rfa1 Rba8 28. Bd8 Rxa3 29. Bxe7 Rxa1+ 30. Kh2 R8a2 31. Qxa2 Rxa2 32. Bxd6 Rd2 33. Bxc5 Rxd3 34. Be7 g4 35. hxg4 hxg4 36. fxg4 Bf8 37. Bf6 Bd6 38. c5 Bxc5 39. Bxe5 Be3 40. g5 Kf7 41. d6 Kg6 42. Bf6 Rxd6 43. Kh3 Rd1 44. Kg4 Rg1 45. Kf3 Rf1+ 46. Ke2 Rf2+ 47.
Kd3 Rxg2 48. e5 Rd2+ 49. Ke4 Rd4+ 50. Kf3 Kf5 51. e6 Rd2 52. e7 Rf2# 0-1

[Event "*** Titled Tuesday Blitz"]
[Site "Chess.com"]
[Date "2020.12.29"]
[Round "5"]
[White "Piacramling"]
[Black "GM_LOADING"]
[Result "0-1"]
[WhiteElo "2302"]
[BlackElo "2501"]
[TimeControl "180+1"]
[EndTime "10:55:36 PST"]
[Termination "GM_LOADING won on time"]

1. c4 e6 2. g3 Nf6 3. Bg2 d5 4. Nf3 d4 5. O-O c5 6. d3 Nc6 7.
e3 Bd6 8. exd4 cxd4 9. Bg5 h6 10. Bxf6 Qxf6 11. Nbd2 Qe7 12. Rc1 O-O 13. Ne4 Bc7 14. c5 Bd7 15. b4 Nxb4 16. Nxd4 Nd5 17. Qb3 Rab8 18. Rfe1 Rfd8 19. Nd6 Qf6 20. N4b5 Ba5 21. Red1 a6 22. Ne4 Qe7 23. Nbd6 Bc6 24. Nc4 Bc7 25.
Ned6 Qf6 26. Re1 Qd4 27. Ne4 Ne7 28. Ncd6 Nf5 29. Red1 Bd5 30. Qb1 b6 31. c6 Nxd6 32. Nd2 Bxg2 33. Kxg2 b5 34. Nf3 Qd5 35. Qc2 Nf5 36. Qc5 Qxc5 37. Rxc5 Nd4 38. Nxd4 Rxd4 39. Rc2 Rbd8 40. a3 Rxd3 41. Rxd3 Rxd3 42. a4 b4 43. Rb2 Rd4 44. a5 Kf8 45. Rc2 Ke7 46. Kf3 Kd6 47. Ke3 Rd5 48. Rc4 Bxa5 49. c7 Bxc7 50. Rxb4 a5 51. Rb7 Rc5 52. Rb2 a4 53. Ra2 Ra5 0-1

[Event "*** Titled Tuesday Blitz"]
[Site "Chess.com"]
[Date "2020.12.29"]
[Round "5"]
[White "swisspower96"]
[Black "ural58"]
[Result "1-0"]
[WhiteElo "2666"]
[BlackElo "2408"]
[TimeControl "180+1"]
[EndTime "10:55:37 PST"]
[Termination "swisspower96 won on time"]

1. d4 d5 2. c4 e5 3. dxe5 d4 4. Nf3 Nc6 5. Bf4 Nge7 6. g3 Ng6 7. Bg2 Bf5 8. O-O Qd7 9. a3 f6 10. exf6 Nxf4 11. gxf4 gxf6 12. e4 Bh3 13. Nh4 O-O-O 14. Kh1 Bxg2+ 15. Nxg2 Rg8 16. Nd2 Qh3 17. Qf3 Qe6 18. f5 Qe5 19. Qd3 Rxg2 20. Kxg2 Bh6 21. Nf3 Qf4 22. Kh1 Re8 23. Rae1 a5 24. Rg1 a4 25. Rg3 Rd8 26. Kg2 Qd6 27. Rd1 Bf4 28.
Rg4 Be5 29. h3 h5 30. Rg6 Ne7 31. Nxe5 Qxe5 32. Rg3 h4 33. Rg4 Nc6 34. f4 Qc5 35.
Rxh4 Qb6 36. Rd2 Na5 37. Rg4 Nb3 38. Rd1 Nc5 39. Qf3 Qxb2+ 40. Kh1 d3 41. Rg2 Qxa3 42. e5 Qc3 43. e6 a3 44. Qe3 b6 45. Rc1 Qb3 46. Ra1 d2 47. Qxb3 Nxb3 48. Rd1 a2 49. e7 Re8 50. Re2 a1=Q 51. Rxa1 Nxa1 52. Rxd2 Rxe7 53. Rb2 1-0

[Event "*** Titled Tuesday Blitz"]
[Site "Chess.com"]
[Date "2020.12.29"]
[Round "5"]
[White "chess4life23"]
[Black "ambaixador"]
[Result "0-1"]
[WhiteElo "2238"]
[BlackElo "2419"]
[TimeControl "180+1"]
[EndTime "10:55:38 PST"]
[Termination "ambaixador won on time"]

1. d4 Nf6 2. c4 g6 3. Nc3 Bg7 4. e4 d6 5. Be2 O-O 6. Nf3 Nbd7 7. O-O e5 8. Re1 a6 9. Bf1 Rb8 10. Qc2 Re8 11. h3 exd4 12. Nxd4 Nc5 13. Bg5 Ne6 14. Nxe6 Rxe6 15. Rad1 h6 16. Bh4 g5 17. Bg3 Nh5 18.
Bh2 Bd7 19. Nd5 Bc6 20. g4 Nf6 21. e5 Ne8 22. f4 gxf4 23. Nxf4 Rxe5 24. Nh5 Rxe1 25. Rxe1 Qg5 26. Qf2 Nf6 27. Bf4 Qc5 28.
Be3 Qb4 29. Nxf6+ Bxf6 30. Bxh6 Qc5 31. Be3 Qe5 32. Bf4 Qd4 33. g5 Qxf2+ 34. Kxf2 Bxb2 35.
Be3 Bc3 36. Rc1 Be5 37. h4 Re8 38. Bd3 Bd7 39. Be4 Bc6 40. Bd5 Bxd5 41. cxd5 Re7 42. h5 Kg7 43. Kf3 b5 44. Rc2 b4 45.
Kg4 a5 46. Kf5 a4 47. h6+ Kh7 48. Bc1 b3 49. axb3 axb3 50. Rg2 Bd4 51. g6+ fxg6+ 52. Rxg6 Re5+ 53. Kf6 Re1+ 0-1

[Event "*** Titled Tuesday Blitz"]
[Site "Chess.com"]
[Date "2020.12.29"]
[Round "5"]
[White "anon481216"]
[Black "Tsyhanchuk_Stanislav"]
[Result "0-1"]
[WhiteElo "2411"]
[BlackElo "2281"]
[TimeControl "180+1"]
[EndTime "10:55:39 PST"]
[Termination "Tsyhanchuk_Stanislav won by resignation"]

1. d4 Nf6 2. c4 e6 3. Nf3 Bb4+ 4.
Bd2 Qe7 5. g3 b6 6. Bg2 Bb7 7. O-O Bxd2 8. Qxd2 O-O 9. Nc3 d6 10.
d5 e5 11. e4 a5 12. Nh4 g6 13. Qg5 Kh8 14. f4 Nbd7 15. fxe5 Qxe5 16. Qxe5 dxe5 17.
Rf3 Kg7 18. Raf1 Ba6 19. b3 Ne8 20. Bh3 Nc5 21. Kf2 Nd6 22. Ke3 Bc8 23. Bxc8 Raxc8 24. Rf6 Nd7 25. R6f2 Nc5 26. g4 f6 27. Rg2 h6 28.
Nf3 Kh7 29. Nh4 Rce8 30. Rgf2 Kg7 31. Rg2 Kh7 32. h3 f5 33. gxf5 gxf5 34. exf5 Rf6 35. Rfg1 Re7 36. Rf2 Ref7 37. Rgf1 a4 38. Nxa4 Nxa4 39.
bxa4 Nxc4+ 40. Ke4 Nd6+ 41. Kxe5 Nc4+ 42. Kd4 Nd6 43. Rf4 h5 44. a5 bxa5 45. Kc5 Kh6 46. a4 Kg5 47. Ng2 Nxf5 48. h4+ Kg6 49. Rg1 Nd6 50. Ne3+ Kh6 51. Rxf6+ Rxf6 52. Rg5 Ne4+ 53. Kb5 Nxg5 54. hxg5+ Kxg5 55. Kxa5 h4 56. Kb5 h3 57. a5 h2 0-1

[Event "*** Titled Tuesday Blitz"]
[Site "Chess.com"]
[Date "2020.12.29"]
[Round "5"]
[White "anpospan"]
[Black "Euge_chess"]
[Result "1/2-1/2"]
[WhiteElo "2317"]
[BlackElo "2079"]
[TimeControl "180+1"]
[EndTime "10:55:39 PST"]
[Termination "Game drawn - insufficient material"]

1. Nf3 Nf6 2. c4 g6 3. Nc3 Bg7 4. e4 d6 5. d4 O-O 6. Be2 Nbd7 7.
O-O e5 8. dxe5 dxe5 9. h3 c6 10. Be3 Re8 11. Qc2 Qc7 12. c5 b6 13. b4 Bb7 14.
Rfd1 Nh5 15. Rd2 Nf4 16. Bf1 Nf6 17. Rad1 Rad8 18. Rxd8 Rxd8 19. Rxd8+ Qxd8 20. Nxe5 N6h5 21. Nc4 b5 22. Nd6 Bc8 23. g4 Be5 24. Nxc8 Qxc8 25. gxh5 Nxh3+ 26. Kh1 Qg4 27. f4 Bxf4 28. Qg2 Bxe3 29.
Qxg4 Nf2+ 30. Kg2 Nxg4 31. Kf3 gxh5 32. Bh3 Bd2 33. Ne2 Bxb4 34. Nf4 Ne5+ 35. Kg3 Bxc5 36. Nxh5 Nd3 37. Nf6+ Kh8 38. Bd7 Bd6+ 39. Kg4 Ne5+ 40.
Kf5 Nxd7 41. Nxd7 c5 42. e5 Be7 43. e6 fxe6+ 44. Kxe6 c4 45. Kxe7 b4 46. Kf8 b3 47.
Ne5 h5 48. axb3 cxb3 49. Nd3 h4 50. Ke7 h3 51. Kd6 h2 52. Kc5 h1=Q 53. Kd4 Qd1 54. Kc3 Qxd3+ 55. Kxd3 a5 56. Kc3 a4 57. Kb2 Kg7 58.
Ka3 Kf6 59. Kxa4 Ke5 60. Kxb3 1/2-1/2

[Event "*** Titled Tuesday Blitz"]
[Site "Chess.com"]
[Date "2020.12.29"]
[Round "5"]
[White "DenLaz"]
[Black "Geller_Jakov"]
[Result "1/2-1/2"]
[WhiteElo "2815"]
[BlackElo "2617"]
[TimeControl "180+1"]
[EndTime "10:55:40 PST"]
[Termination "Game drawn by repetition"]

1. d4 d5 2. c4 e6 3. Nf3 Nf6 4. Nc3 dxc4 5. e4 b5 6. e5 Nd5 7. Nxb5 Nb6 8. Be2 Nc6 9. O-O Be7 10. Qd2 O-O 11. Qf4 Rb8 12. Nc3 Nb4 13. Rd1 Bb7 14.
Qg4 Kh8 15. h4 Nd3 16. Bxd3 cxd3 17. Rxd3 c5 18. Bg5 Bxf3 19. Rxf3 Bxg5 20. hxg5 Qxd4 21.
Qh5 Qxe5 22. g4 Nd5 23. Nxd5 exd5 24. Kg2 g6 25. Qh4 Rb4 26. Rh1 h5 27. gxh6 Kh7 28. b3 f5 29. Re3 Qxe3 30. fxe3 Rxg4+ 31. Qxg4 fxg4 32. Rd1 Rf5 33. Kg3 Kxh6 34. Kxg4 Re5 35.
Kf4 Rf5+ 36. Kg4 c4 37. Rc1 cxb3 38. axb3 Re5 39. Kf3 Re7 40. Rd1 Rb7 41. Rxd5 Rxb3 42. Ra5 Rb7 43. e4 Rf7+ 44. Kg4 Re7 45. e5 Rb7 46. e6 Kg7 47. Kg5 Rc7 48. Ra6 Kf8 49. Kf6 Rc1 50. Rxa7 Rf1+ 51. Ke5 Ke8 52. Rg7 Re1+ 53.
Kf6 Rf1+ 54. Kg5 Rg1+ 55. Kf6 Rf1+ 56. Ke5 Re1+ 57. Kd5 Rd1+ 58. Ke5 Re1+ 1/2-1/2

[Event "*** Titled Tuesday Blitz"]
[Site "Chess.com"]
[Date "2020.12.29"]
[Round "5"]
[White "MomchilPetkov"]
[Black "sorrm8thatscheckm8"]
[Result "0-1"]
[WhiteElo "2722"]
[BlackElo "2515"]
[TimeControl "180+1"]
[EndTime "10:55:40 PST"]
[Termination "sorrm8thatscheckm8 won by resignation"]

1. d4 Nf6 2. Bf4 g6 3. Nc3 d5 4. Nb5 Na6 5. e3 c6 6. Nc3 Bg7 7. h3 O-O 8. Nf3 Bf5 9. Be2 Nc7 10. O-O Nfe8 11. a4 Nd6 12. Ne5 f6 13. Nf3 Re8 14. Bh2 e5 15. Nd2 Qd7 16. Nb3 Qf7 17. Re1 Rad8 18.
a5 Nc4 19. Qc1 Ne6 20. dxe5 fxe5 21. e4 Bxh3 22. gxh3 Nf4 23. Bxf4 exf4 24. exd5 cxd5 25. Bxc4 dxc4 26. Nd2 Rf8 27. Nf3 Qf5 28. Kg2 g5 29. Nh2 f3+ 30. Kh1 h6 31. Qe3 Qxh3 32.
Qe6+ Qxe6 33. Rxe6 Rd2 34. Ne4 Rxc2 35. Ng4 Rf4 36. Rg1 Rxb2 37. Nxh6+ Bxh6 38. Rxh6 Rxe4 39. Rxg5+ Kf7 40. Rg1 Rxf2 41. Rb1 Re7 42. Rh7+ Kf6 43. Rxe7 Kxe7 44. Rxb7+ Kd6 45. Kg1 Ra2 46. Rxa7 c3 47.
Ra6+ Kc5 48. Ra8 c2 49. Rc8+ Kb5 50. Rb8+ Kxa5 51. Ra8+ Kb4 52. Rxa2 c1=Q+ 53. Kf2 Kb3 54. Ra5 Qd2+ 55. Kxf3 Qxa5 0-1

[Event "*** Titled Tuesday Blitz"]
[Site "Chess.com"]
[Date "2020.12.29"]
[Round "5"]
[White "aa175"]
[Black "Mambastik-Fantastic"]
[Result "0-1"]
[WhiteElo "2361"]
[BlackElo "2226"]
[TimeControl "180+1"]
[EndTime "10:55:40 PST"]
[Termination "Mambastik-Fantastic won on time"]

1. d4 Nf6 2. Bf4 d5 3. e3 c5 4. Nf3 Nc6 5. Nbd2 Bf5 6. c3 e6 7.
Qb3 Qb6 8. Qxb6 axb6 9. Bb5 Be7 10. Ne5 Rc8 11. Nxc6 bxc6 12. Ba6 Kd7 13. Bxc8+ Rxc8 14. Nf3 c4 15. Ne5+ Ke8 16. a4 Nd7 17. Nxd7 Kxd7 18.
O-O Ra8 19. a5 bxa5 20. Ra4 Bc2 21. Raa1 a4 22. f3 Ra7 23. Rf2 Bd3 24. Bb8 Ra8 25.
Be5 g6 26. Rd2 f6 27. Bg3 h5 28. b4 cxb3 29. Rxd3 b2 30. Rb1 a3 31. Rdd1 a2 32. Rxb2 a1=Q 33. Rb7+ Kc8 34. Rb8+ Kd7 35. Rb7+ Kc8 36.
Rb8+ Rxb8 37. Rxa1 Rb3 38. Ra7 Bd8 39. Ra8+ Kd7 40.
Ra7+ Ke8 41. Be1 Rb1 42. Kf2 Rb2+ 43. Kf1 Be7 44. Ra8+ Kf7 45. Ra6 c5 46. Ra7 c4 47.
Ra6 g5 48. e4 h4 49. exd5 exd5 50. h3 Rc2 51. Ra5 Ke6 52. Ra6+ Bd6 53. Ra5 Rc1 54.
Ke2 Rc2+ 55. Kf1 Rb2 56. Ra6 Rb1 0-1

[Event "*** Titled Tuesday Blitz"]
[Site "Chess.com"]
[Date "2020.12.29"]
[Round "5"]
[White "Deepweb2020"]
[Black "Margarita2907"]
[Result "1-0"]
[WhiteElo "2365"]
[BlackElo "2188"]
[TimeControl "180+1"]
[EndTime "10:55:40 PST"]
[Termination "Deepweb2020 won on time"]

1. d4 e6 2. c4 Nf6 3. g3 d5 4.
Nf3 Be7 5. Bg2 O-O 6. O-O c6 7. Nbd2 b6 8. Qc2 Bb7 9. e4 Na6 10. a3 dxc4 11. Nxc4 c5 12. e5 Nd5 13. Rd1 Rc8 14. Qe2 Qc7 15. Ne3 Rfd8 16. h4 cxd4 17. Rxd4 Nxe3 18. Rxd8+ Rxd8 19. Bxe3 Nc5 20. Rd1 Bd5 21.
b4 Ne4 22. Rc1 Qd7 23. Qc2 Bb7 24. Qc7 g6 25. h5 gxh5 26. Ne1 Bd5 27. Nd3 Ng5 28.
Bxd5 exd5 29. Nf4 Ne6 30. Qxd7 Rxd7 31. Nxh5 Rc7 32. Rd1 d4 33. Bh6 Bf8 34. Nf6+ Kh8 35. Bxf8 Nxf8 36. Rxd4 Rc1+ 37. Kg2 Kg7 38. Rd8 Ne6 39.
Rg8+ Kh6 40. g4 Rc4 41. Kg3 Ng5 42. f4 Ne4+ 43. Nxe4 Rxe4 44. g5+ Kh5 45. Rg7 Re3+ 46. Kf2 Rxa3 47. Rxh7+ Kg4 48. Rxf7 Ra2+ 49. Ke3 1-0

[Event "*** Titled Tuesday Blitz"]
[Site "Chess.com"]
[Date "2020.12.29"]
[Round "5"]
[White "frederiksvane"]
[Black "Keks2017"]
[Result "1-0"]
[WhiteElo "2747"]
[BlackElo "2562"]
[TimeControl "180+1"]
[EndTime "10:55:42 PST"]
[Termination "frederiksvane won on time"]

1. e4 d6 2. d4 Nf6 3. Bd3 e5 4.
c3 d5 5. dxe5 Nxe4 6. Nf3 Nc6 7. O-O Bg4 8. Qe2 Nc5 9. Nbd2 Nxd3 10. Qxd3 Be7 11. Re1 O-O 12. Nb3 Bh5 13. Bf4 Bg6 14.
Qb5 Rb8 15. Rad1 a6 16. Qxd5 Qxd5 17. Rxd5 Bf5 18. Nfd4 Nxd4 19. Nxd4 Bg6 20. e6 Rbc8 21. Rd7 Bf6 22. e7 Rfe8 23. Bxc7 Bxd4 24. cxd4 f6 25. d5 Bf5 26. Rd8 Kf7 27. d6 Rcxd8 28. Bxd8 Bd7 29. f4 g5 30. fxg5 fxg5 31. Kf2 Rg8 32. Re5 h6 33. Ke3 Rg6 34. Bc7 Re6 35. Kd4 Kf6 36.
Rxe6+ Kxe6 37. g4 Kf7 38. h3 Kf6 39. Ba5 Ke6 40. Bb4 Kf6 41. Be1 Ke6 42. Bg3 Kf6 43. Be5+ Kf7 44. a3 Kg6 45. Kc5 h5 46. Kb6 hxg4 47.
hxg4 Kf7 48. Kc7 Ke8 49. Bf6 Bc6 50. Bxg5 a5 51. Bf4 a4 52. g5 Bd7 53. g6 b5 54.
g7 Be6 55. d7+ 1-0

[Event "*** Titled Tuesday Blitz"]
[Site "Chess.com"]
[Date "2020.12.29"]
[Round "5"]
[White "Chesswizard_2007"]
[Black "noblerone"]
[Result "1-0"]
[WhiteElo "2663"]
[BlackElo "2444"]
[TimeControl "180+1"]
[EndTime "10:55:42 PST"]
[Termination "Chesswizard_2007 won by checkmate"]

1. d4 d5 2. Nf3 Nf6 3. g3 c6 4. Bg2 Bg4 5. O-O Nbd7 6. Nbd2 e6 7. Re1 Be7 8. e4 dxe4 9. Nxe4 Nxe4 10. Rxe4 Nf6 11.
Re1 O-O 12. Bf4 Qb6 13. Qd3 Rad8 14. Be3 Bf5 15. Qb3 Qxb3 16. axb3 a6 17. c3 h6 18.
b4 Nd5 19. Bd2 Bf6 20. Ne5 Bxe5 21. Rxe5 Bg6 22. h4 Rfe8 23. Rae1 Nb6 24. Bc1 Nc4 25.
Rc5 Nd6 26. Rce5 Nc4 27. R5e2 Bd3 28. b3 Bxe2 29. Rxe2 Nd6 30. Bf4 Nb5 31. Rc2 f6 32. Bf1 e5 33. dxe5 fxe5 34. Bc4+ Kh8 35. Be3 Nd6 36.
Be2 Nf5 37. Bb6 Rd5 38. Bh5 Rf8 39. Kg2 e4 40. Re2 Rd3 41. Bc5 Rfd8 42. Bg6 Nd6 43. Bd4 Nb5 44. Be5 Nxc3 45. Re1 R3d5 46. Bxc3 Rd3 47.
Be5 Rxb3 48. Rxe4 b6 49. Bc7 Rf8 50. Bxb6 Rc3 51. h5 Rc2 52. Re7 Rb2 53. Bd4 Rxb4 54. Bxg7+ Kg8 55. Bxh6 Rc8 56. Rg7+ Kh8 57. Rh7+ Kg8 58.
Re7 Rbb8 59. g4 c5 60. Bh7+ Kh8 61. Bf4 Rb6 62. Be5+ Rf6 63. Bxf6# 1-0